 Dungeon Crawl Stone Soup version 0.24-a0-509-ga1643a6788 (webtiles) character file.

Game seed: 16339395590018256048

273 Inarius the Chopper (level 6, -11/48 HPs)
             Began as a Demonspawn Abyssal Knight on July 19, 2019.
             Was a Believer of Lugonu.
             Killed by divine providence
             ... invoked by an orc priest
              (14 damage)
             ... on level 3 of the Dungeon.
             The game lasted 00:03:54 (2406 turns).

Inarius the Chopper (Demonspawn Abyssal Knight)     Turns: 2406, Time: 00:03:55

Health: -11/48     AC:  6    Str: 14    XL:     6   Next: 3%
Magic:  7/7        EV: 10    Int: 13    God:    Lugonu [**....]
Gold:   142        SH:  0    Dex: 13    Spells: 5/5 levels left

rFire    . . .     SeeInvis .   a - +1 hand axe
rCold    . . .     Gourm    .   (no shield)
rNeg     . . .     Faith    .   n - +0 ring mail (curse)
rPois    .         Spirit   .   (no helmet)
rElec    .         Reflect  .   (no cloak)
rCorr    .         Harm     .   g - +0 pair of gloves
MR       +....                  (no boots)
Stlth    ..........             (no amulet)
HPRegen  0.16/turn              e - ring of protection from magic
MPRegen  0.10/turn              (no ring)

@: drained
A: hooves 1, powered by pain 1
a: Depart the Abyss, Bend Space, Renounce Religion


You were on level 3 of the Dungeon.
You worshipped Lugonu.
Lugonu was pleased with you.
You were not hungry.

You visited 1 branch of the dungeon, and saw 3 of its levels.
You visited the Abyss 1 time.

You collected 142 gold pieces.

Inventory:

Hand Weapons
 a - a +1 hand axe (weapon)
 l - a +1 dagger of electrocution
Missiles
 j - 4 javelins (quivered)
Armour
 g - a +0 pair of gloves (worn)
 n - a cursed +0 ring mail (worn)
 p - a +0 scale mail
Jewellery
 e - a ring of protection from magic (left hand)
 t - an uncursed amulet of magic regeneration {unknown}
Scrolls
 d - a scroll of holy word {unknown}
 f - a scroll of identify
 h - a scroll of blinking {unknown}
 k - a scroll of enchant weapon {unknown}
 m - a scroll of magic mapping
 q - a scroll of enchant armour {unknown}
 r - a scroll of teleportation {unknown}
 v - a scroll of fear {unknown}
 w - a scroll of remove curse {unknown}
Potions
 i - a potion of mutation {unknown}
 o - a potion of invisibility {unknown}
 s - a potion of flight {unknown}
 u - a potion of brilliance {unknown}
Comestibles
 b - 2 chunks of flesh
 c - 4 rations


   Skills:
 + Level 3.8(3.1) Fighting
 + Level 4.2(3.5) Axes
 + Level 3.0(2.3) Armour
 + Level 1.9(1.2) Dodging
 + Level 0.5(0.0) Stealth
 + Level 0.1(0.0) Unarmed Combat
 + Level 2.4(1.8) Invocations


You had 5 spell levels left.
You didn't know any spells.
Your spell library was empty.

Dungeon Overview and Level Annotations

Branches:
Dungeon (3/15)

Altars:


Innate Abilities, Weirdness & Mutations

You have large cloven feet.
You sometimes gain a little power by taking damage.


Message History

The orc priest closely misses you.
Unknown command.
The orc priest invokes the aid of Beogh against you.
Beogh smites you!
* * * LOW HITPOINT WARNING * * *
Unknown command.
As you read the scroll labeled GEUROI IXUL, it crumbles to dust.
You feel aware of your surroundings.
It was a scroll of magic mapping.
The orc misses you.
The orc wizard hits you but does no damage.
The orc barely misses you.
The orc wizard hits you with a +0 dagger.
* * * LOW HITPOINT WARNING * * *
The orc priest begins to cast a cantrip, but forgets the words!
The orc wizard casts a spell at you. The puff of flame hits you!
* * * LOW HITPOINT WARNING * * *
The orc priest mumbles some strange prayers to Beogh against you.
Beogh smites you!
You die...

#..#####..####..<.....#**
#..####................#,
#.........######.###.##.*
##.#####..# #...,,..,,
#.# #..#****#####,**#,
#.# #..,,,,,,,,,,,* *,
#.#####.#####..,*******,
#.............#,,,,,,**,
##.####@##***,,,****,**,
#.# #.# *,*** *,**, ##.##
#.# *,* **,**, ##.#.###o#
*.##***,,**, ##.###.##.#
*..,,,,,,,,, #.#####.#o#
*.#****,****
##.##..รท#o#####.# *,*
##.......o.o..$# *,*
#........##o..#* *,*


You could see an orc priest, an orc wizard and 2 orcs.

Vanquished Creatures
  Sigmund (D:2)
  Robin (D:2)
  2 adders (D:2)
  A worm (D:2)
  5 dart slugs
  A leopard gecko (D:1)
  9 bats
  2 giant cockroaches (D:1)
  21 goblins
  4 hobgoblins
  3 jackals (D:1)
  5 kobolds
  2 quokkas (D:2)
  4 ball pythons
  4 frilled lizards
  2 rats
67 creatures vanquished.

Notes
Turn   | Place    | Note
-------+----------+-------------------------------------------
     0 | Abyss:1  | Inarius the Demonspawn Abyssal Knight began the quest for
                  | the Orb.
     0 | Abyss:1  | Reached XP level 1. HP: 18/18 MP: 2/2
    42 | Abyss:1  | Noticed an apocalypse crab
    42 | Abyss:1  | Noticed an earth elemental
    96 | Abyss:2  | Noticed a chaos spawn
    97 | Abyss:2  | Noticed an ophan
    99 | D:1      | Escaped the Abyss
   104 | D:1      | Reached skill level 1 in Dodging
   296 | D:1      | Reached * piety under Lugonu
   321 | D:1      | Reached skill level 2 in Axes
   321 | D:1      | Gained mutation: You have large cloven feet. [demonic
                  | ancestry]
   321 | D:1      | Reached XP level 2. HP: 22/24 MP: 3/3
   760 | D:1      | Reached XP level 3. HP: 27/29 MP: 4/4
  1400 | D:2      | Reached ** piety under Lugonu
  1681 | D:2      | Reached XP level 4. HP: 33/35 MP: 5/5
  1713 | D:2      | Noticed Sigmund
  1725 | D:2      | Killed Sigmund
  1725 | D:2      | Reached skill level 4 in Axes
  1725 | D:2      | Reached XP level 5. HP: 34/42 MP: 6/6
  1861 | D:2      | Noticed Robin
  1891 | D:2      | Killed Robin
  1981 | D:2      | Gained mutation: You sometimes gain a little power by
                  | taking damage. [demonic ancestry]
  1981 | D:2      | Reached XP level 6. HP: 22/48 MP: 7/7
  2406 | D:3      | Killed from afar by an orc priest

Levels and vault maps discovered:
D:1:      dpeg_arrival_boxorama, layout_basic
D:2:      layout_loops_cross, first_ration, uniq_sigmund, uniq_robin
D:3:      layout_loops_ring

Skill      XL: |  1  2  3  4  5 |
---------------+----------------+-----
Dodging        | 1 |  1.9
Armour         | 2 3 |  3.0
Axes           | 2 4 |  4.2
Fighting       | |  3.8
Stealth        | |  0.5
Unarmed Combat | |  0.1
Invocations    | |  2.4

Action                   |  1- 3 |  4- 6 || total
-------------------------+-------+-------++-------
Melee: Hand axe          |   102 |    61 ||   163
       Unarmed           |     2 |       ||     2
       Kick              |    21 |    19 ||    40
Throw: Javelin           |       |     4 ||     4
Invok: Depart the Abyss  |     1 |       ||     1
  Use: Scroll            |       |     2 ||     2
       Potion            |       |     1 ||     1
  Eat: Chunk             |     2 |     3 ||     5
Armor: Leather armour    |    12 |       ||    12
       Skin              |     1 |       ||     1
       Ring mail         |    29 |    22 ||    51
Dodge: Dodged            |    69 |    56 ||   125

Table legend:
 A = Non-vault XP
 B = Vault XP
 C = Vault XP percentage of total XP
 D = Non-vault monster count
 E = Vault monster count
 F = Vault count percentage of total count
                 A         B        C        D         E       F
            +---------+---------+-------+---------+---------+-------
      Total |     128 |     263 |  67.3 |      54 |      13 |  19.4
            +---------+---------+-------+---------+---------+-------
        D:1 |      58 |       0 |   0.0 |      31 |       0 |   0.0
        D:2 |      64 |     263 |  80.4 |      19 |      13 |  40.6
        D:3 |       6 |       0 |   0.0 |       4 |       0 |   0.0
            +---------+---------+-------+---------+---------+-------
